 Dungeon Crawl Stone Soup version 0.31-a0-229-g1fc7ce93e2 (webtiles) character file.

Game seed: 2854876629343347280

82 qw the Shooter (level 4, -1/26 HPs)
             Began as a Gargoyle Hexslinger on July 6, 2023.
             Slain by a gnoll
             ... wielding a +0 halberd
              (3 damage)
             ... on level 2 of the Dungeon.
             The game lasted 00:00:27 (1136 turns).

qw the Shooter (Gargoyle Hexslinger)                Turns: 1136, Time: 00:00:27

Health: -1/26      AC:  6    Str: 11    XL:     4   Next: 43%
Magic:  5/5        EV: 11    Int: 14    God:
Gold:   66         SH:  0    Dex: 14    Spells: 4/5 levels left

rFire   . . .        Y - +1 sling
rCold   . . .        (no shield)
rNeg    + . .        e - +0 leather armour
rPois   inf          (no helmet)
rElec   +            (no cloak)
rCorr   .            (no gloves)
SInv    .            (no boots)
Will    .....        (no amulet)
Stlth   +            (no ring)
HPRegen 0.24/turn    (no ring)
MPRegen 0.09/turn

%: no passive effects
@: no status effects
A: sickness immunity, AC +3, negative energy resistance 1, electricity
resistance, torment resistance 1, petrification resistance
a: no special abilities


You were on level 2 of the Dungeon.
You visited 1 branch of the dungeon, and saw 2 of its levels.

You collected 66 gold pieces.


Innate Abilities, Weirdness & Mutations

You are immune to sickness and miasma.
Your stone body is resilient. (AC +3)
You are immune to poison.
You resist negative energy. (rN+)
You are resistant to electric shocks. (rElec)
You are resistant to unholy torment.
You are immune to petrification.


   Skills:
 - Level 2.0 Fighting
 + Level 4.2 Ranged Weapons
 - Level 1.5 Dodging
 - Level 1.0 Spellcasting
 - Level 2.6 Hexes


You had 4 spell levels left.
You knew the following spells:

 Your Spells              Type           Power      Damage    Failure   Level
a - Slow                  Hex            32%        N/A       12%         1

Your spell library contained the following spells:

 Spells                   Type           Power      Damage    Failure   Level
 Inner Flame              Hex/Fire       4%         N/A       52%         3
 Portal Projectile        Hex/Tloc       8%         N/A       52%         3
 Cause Fear               Hex            4%         N/A       75%         4

Inventory:

Hand Weapons
 Y - a +1 sling (weapon)
Armour
 b - a +0 pair of gloves
 d - a scarf of shadows
 e - a +0 leather armour (worn)
Scrolls
 a - a scroll of revelation {unknown}
 f - 2 scrolls of identify
Potions
 c - a potion of heal wounds {unknown}
 g - a potion of ambrosia {unknown}
 h - a potion of cancellation
 i - a potion of might {unknown}
 j - a potion of curing {unknown}

Dungeon Overview and Level Annotations

Branches:
Dungeon (2/15)

Altars:

Annotations:
D:2 exclusion: gnoll


Message History

The sling bullet closely misses the adder.
The adder closely misses you. The adder barely misses you.
You shoot a sling bullet. The sling bullet hits the adder.
You kill the adder!
Found a stone staircase leading up.
Enter note:
Enter note: A gnoll comes into view. It is wielding a +0 halberd.
Enter note:
Enter note: You shoot a sling bullet.
The sling bullet hits the gnoll.
The gnoll is lightly wounded.
You shoot a sling bullet. The sling bullet hits the gnoll.
The gnoll is heavily wounded.
You shoot a sling bullet.
The sling bullet barely misses the gnoll.
You shoot a sling bullet.
The sling bullet completely misses the gnoll.
The gnoll hits you from afar with a +0 halberd.
You shoot a sling bullet.
The sling bullet barely misses the gnoll.
The gnoll barely misses you.
You shoot a sling bullet. The sling bullet hits the gnoll.
The gnoll is severely wounded.
The gnoll hits you from afar with a +0 halberd!
Enter note:
Enter note:
1132 ||| UPGRADING to +0 pair of gloves.
The gnoll barely misses you.
You start putting on your armour.
You continue putting on your +0 pair of gloves.
The gnoll hits you from afar with a +0 halberd!
Keep equipping yourself?
You continue putting on your +0 pair of gloves.
The gnoll barely misses you.
You continue putting on your +0 pair of gloves.
The gnoll misses you.
You continue putting on your +0 pair of gloves.
The gnoll hits you from afar with a +0 halberd.
You die...

....... .###.## ..#
.# .# #.# .# .#
#.## .# #..# .#
#..# .# #<#######
#g.# ## #.......#
#..#
########...#####@.#
..................#
########...#####..#
###.# #..# #.# #..#
#.# #..# #.# #..#
## #.# #..#
.#########.# #..#


You could see a gnoll.

Vanquished Creatures
  An adder (D:2)
  4 gnolls
  2 dart slugs (D:1)
  5 ball pythons
  3 endoplasms (D:1)
  2 giant cockroaches (D:1)
  A goblin (D:1)
  4 hobgoblins
  4 bats
  2 frilled lizards
  4 rats (D:1)
32 creatures vanquished.

Notes
Turn   | Place    | Note
-------+----------+-------------------------------------------
     0 | D:1      | qw the Gargoyle Hexslinger began the quest for the Orb.
     0 | D:1      | Reached XP level 1. HP: 12/12 MP: 2/2
     0 | D:1      | 0 ||| qw: Version: 0.3-a-46-gb1f654a
     0 | D:1      | 0 ||| qw: Game counter: 1578
     0 | D:1      | 0 ||| qw: Melee chars always use a shield: true
     0 | D:1      | 0 ||| qw: God list: Okawaru
     0 | D:1      | 0 ||| qw: Allow faded altars: false
     0 | D:1      | 0 ||| qw: Do Orc after clearing Dungeon:15 true
     0 | D:1      | 0 ||| qw: Do second Lair branch before Depths: true
     0 | D:1      | 0 ||| qw: Lair rune preference: random
     0 | D:1      | 0 ||| qw: Goals: Normal
     0 | D:1      | 0 ||| PLANNING D:1-11
    97 | D:1      | Reached XP level 2. HP: 12/16 MP: 3/3
   163 | D:1      | Reached skill level 3 in Ranged Weapons
   560 | D:1      | Reached XP level 3. HP: 15/21 MP: 4/4
   860 | D:1      | 860 ||| UPGRADING to +0 leather armour.
   870 | D:1      | 870 ||| DROPPING +0 robe.
   871 | D:1      | 871 ||| READING scroll labelled DINOCE VOXTUI.
   872 | D:1      | 872 ||| READING 2 scrolls labelled KEMELL CICIU.
   873 | D:1      | 873 ||| READING scroll labelled QEXIDD BE NOC.
   874 | D:1      | 874 ||| DRINKING 2 lumpy dark potions.
   875 | D:1      | 875 ||| DROPPING scroll of poison.
   896 | D:2      | 896 ||| STAIRDANCE
   959 | D:2      | Reached XP level 4. HP: 14/26 MP: 5/5
   963 | D:2      | Reached skill level 4 in Ranged Weapons
  1132 | D:2      | 1132 ||| UPGRADING to +0 pair of gloves.
  1133 | D:2      | HP: 1/26 [gnoll/+0 halberd (11)]
  1136 | D:2      | Slain by a gnoll

Levels and vault maps discovered:
D:1:      lightli_arrival_isolated_outpost, layout_basic
D:2:      layout_loops_ring

Skill      XL: |  1  2  3  4 |
---------------+-------------+-----
Ranged Weapons | 3 4 |  4.2
Fighting       | 2 |  2.0
Dodging        | |  1.5
Spellcasting   | |  1.0
Hexes          | |  2.6

Action                     |  1- 3 |  4- 6 || total
---------------------------+-------+-------++-------
   Fire: Sling             |    80 |    33 ||   113
    Use: Scroll            |     3 |       ||     3
         Potion            |     1 |       ||     1
 Armour: Robe              |    11 |       ||    11
         Leather armour    |     7 |     9 ||    16
  Dodge: Dodged            |    48 |    27 ||    75

Table legend:
 A = Non-vault XP
 B = Vault XP
 C = Vault XP percentage of total XP
 D = Non-vault monster count
 E = Vault monster count
 F = Vault count percentage of total count
                 A         B        C        D         E       F
            +---------+---------+-------+---------+---------+-------
      Total |     118 |       0 |   0.0 |      32 |       0 |   0.0
            +---------+---------+-------+---------+---------+-------
        D:1 |      54 |       0 |   0.0 |      23 |       0 |   0.0
        D:2 |      64 |       0 |   0.0 |       9 |       0 |   0.0
            +---------+---------+-------+---------+---------+-------
